 Dungeon Crawl Stone Soup version 0.28.0-43-g3370ac3207 (webtiles) character file.

Game seed: 10398691439081460861

49 Pinkishskies the Magician (level 4, -4/31 HPs)
             Began as a Djinni Fire Elementalist on Mar 9, 2022.
             Slain by an orc
             ... wielding a +0 short sword
              (5 damage)
             ... on level 2 of the Dungeon.
             The game lasted 00:04:29 (3245 turns).

Pinkishskies the Magician (DjFE)                    Turns: 3245, Time: 00:04:30

Health: -4/31      AC:  3    Str:  7    XL:     4   Next: 2%
Gold:   47         EV:  9    Int: 19    God:
                   SH:  7    Dex: 13

rFire   + + .      SeeInvis .   (no weapon)
rCold   x . .      Faith    .   k - +0 kite shield
rNeg    . . .      Spirit   .   e - +0 leather armour
rPois   ∞          Reflect  .   (no helmet)
rElec   .          Harm     .   (no cloak)
rCorr   .          Rampage  .   (no gloves)
Will    .....                   (boots unavailable)
Stlth   ++........              (no amulet)
HPRegen 0.10/turn               f - ring of wizardry
MPRegen 0.00/turn               (no ring)

@: flying
A: sickness immunity, fire resistance 2, cold vulnerability 1, float, innate
caster, HP casting, extra vitality 1
a: no special abilities


You were on level 2 of the Dungeon.
You visited 1 branch of the dungeon, and saw 3 of its levels.

You collected 47 gold pieces.

Inventory:

Armour
 a - a +0 robe
 e - a +0 leather armour (worn)
 k - a +0 kite shield (worn)
Jewellery
 f - a ring of wizardry (left hand)
Scrolls
 d - a scroll of teleportation {unknown}
 h - 2 scrolls of identify {unknown}
 i - a scroll of brand weapon {unknown}
 j - a scroll of vulnerability {unknown}
Potions
 b - 3 potions of lignification {unknown}
 c - 2 potions of curing {unknown}
 g - a potion of invisibility {unknown}
 l - 2 potions of attraction {unknown}


   Skills:
 + Level 0.2 Armour
 + Level 2.3 Dodging
 + Level 1.9 Stealth
 + Level 3.4 Spellcasting


You couldn't memorise any spells.
You knew the following spells:

 Your Spells              Type           Power      Damage    Failure   Level
a - Foxfire               Conj/Fire      64%        2x1d7     8%          1
b - Scorch                Fire           32%        2d6       12%         2
c - Conjure Flame         Conj/Fire      16%        6-21      22%         3
d - Inner Flame           Hex/Fire       16%        N/A       22%         3
e - Flame Wave            Conj/Fire      16%        2d6       56%         4
f - Summon Small Mammal   Summ           64%        N/A       8%          1
Your spell library was empty.

Dungeon Overview and Level Annotations

Branches:
Dungeon (3/15)

Altars:


Innate Abilities, Weirdness & Mutations

You are immune to sickness and miasma.
You are immune to poison.
Your flesh is very heat resistant. (rF++)
You are vulnerable to cold. (rC-)
You float through the air rather than walking.
You learn spells naturally, not from books.
Your magical power is your life essence.
You have superior vitality. (+4 MHP)


Message History

You conjure some foxfire!
The foxfire hits the adder.
You kill the adder!
The foxfire hits the orc.
The orc is heavily wounded.
The orc hits you with a +0 whip.
Your magical contamination has completely faded away.
Casting: Foxfire (safe; 9% risk of failure)
Confirm with . or Enter, or press ? or * to list all spells.
You conjure some foxfire!
The foxfire hits the orc but does no damage.
The orc is heavily wounded.
The foxfire hits the orc.
You kill the orc!
The foxfire hits something.
You have reached level 4!
You feel clever.
Casting: Foxfire (safe; 8% risk of failure)
Confirm with . or Enter, or press ? or * to list all spells.
You conjure some foxfire!
The foxfire hits something.
The orc hits you with a +0 short sword.
You hear some strange, mumbled words.
Deactivating autopickup; reactivate with Ctrl-A.
You are confused.
You hit your foxfire but do no damage.
The foxfire hits something.
The foxfire hits something but does no damage.
The orc hits you with a +0 short sword.
* * * LOW HITPOINT WARNING * * *
Something hits you.
* * * LOW HITPOINT WARNING * * *
There is a stone staircase leading up here.
The orc barely misses you. Something hits you.
* * * LOW HITPOINT WARNING * * *
You fly upwards.
Reactivating autopickup.
There is a stone staircase leading down here.
Deactivating autopickup; reactivate with Ctrl-A.
You closely miss something.
You feel less confused. The orc hits you with a +0 short sword.
You die...

#..###....#.###.<.....##.........
#.#...#.##.##.......#.##.########
#.#...#.#####.#...#.#.##.# #
#.......# #.#.....#.##.# #
###...#######.#.....#.##.# #
#...# #...............# # #...#
#.####.......#### # #...#
#.#####.########### #
###...####.##...@..........#
..............##o.##.#.....#
...........................#
[.........[..###....##.....#
###...######.###...........#
#...# #.##........##### ###...#
#.##.##.##### ..#...# #.##.##.#
...†..# #.......# #######


You could see an orc.

Vanquished Creatures
  An adder (D:3)
  An orc (D:3)
  2 endoplasms
  3 giant cockroaches (D:1)
  A goblin (D:1)
  2 hobgoblins (D:2)
  2 jackals (D:1)
  3 quokkas (D:1)
  7 ball pythons
  4 bats
  2 frilled lizards
  A rat (D:2)
29 creatures vanquished.

Vanquished Creatures (collateral kills)
  A dart slug (D:2)
  A bat (D:2)
  A hobgoblin (D:2)
  2 rats
5 creatures vanquished.

Vanquished Creatures (others)
  113 foxfires
113 creatures vanquished.

Grand Total: 147 creatures vanquished

Notes
Turn   | Place    | Note
-------+----------+-------------------------------------------
     0 | D:1      | Pinkishskies the Djinni Fire Elementalist began the quest
                  | for the Orb.
     0 | D:1      | Reached XP level 1. HP: 15/15 MP: 0/0
    87 | D:1      | Found a faded altar of an unknown god.
   596 | D:1      | Reached XP level 2. HP: 17/21 MP: 0/0
  1593 | D:1      | Reached skill level 3 in Spellcasting
  1788 | D:1      | Reached XP level 3. HP: 18/25 MP: 0/0
  1788 | D:1      | Learned a level 1 spell: Summon Small Mammal
  3240 | D:3      | Reached XP level 4. HP: 14/31 MP: 0/0
  3243 | D:3      | HP: 1/31 [something (1)]
  3245 | D:2      | Slain by an orc

Illustrated notes

Levels and vault maps discovered:
D:1:      dpeg_arrival_water_fire, layout_loops_corners,
          dreamdust_ecumenical_altar_statues
D:2:      layout_loops_cross
D:3:      layout_basic, nicolae_overflow_hidden_temple,
          mainiacjoe_overflow_swirl, hellmonk_ghost_happy_afterlife,
          hangedman_decor_push

Skill      XL: |  1  2 |
---------------+-------+-----
Spellcasting   | 3 |  3.4
Armour         | |  0.2
Dodging        | |  2.3
Stealth        | |  1.9

Action                   |  1- 3 |  4- 6 || total
-------------------------+-------+-------++-------
Melee: Unarmed           |     1 |     2 ||     3
 Cast: Foxfire           |    88 |     1 ||    89
       Summon Small Mamm |    22 |       ||    22
       Scorch            |     3 |       ||     3
Armor: Leather armour    |     4 |       ||     4
Dodge: Dodged            |    15 |     1 ||    16
Block: Kite shield       |     2 |       ||     2
